 Dungeon Crawl Stone Soup version 0.31-a0-175-g9f7f995f2b (webtiles) character file.

Game seed: 11217577360888576167

56 qw the Shooter (level 3, -7/32 HPs)
             Began as a Naga Hunter on June 17, 2023.
             Mangled by an orc
             ... wielding a +0 short sword of electrocution
              (9 damage)
             ... on level 4 of the Dungeon.
             The game lasted 00:00:25 (1228 turns).

qw the Shooter (Naga Hunter)                        Turns: 1228, Time: 00:00:25

Health: -7/32      AC:  2    Str: 13    XL:     3   Next: 95%
Magic:  3/3        EV: 10    Int:  9    God:
Gold:   127        SH:  0    Dex: 22    Spells: 2/2 levels left

rFire   . . .        Y - +0 shortbow
rCold   . . .        (shield currently unavailable)
rNeg    . . .        c - +0 leather armour
rPois   +            (no helmet)
rElec   .            (no cloak)
rCorr   .            (no gloves)
SInv    +            (no barding)
Will    .....        (no amulet)
Stlth   ++           e - +6 ring of dexterity
HPRegen 0.25/turn    (no ring)
MPRegen 0.08/turn

%: no passive effects
@: short of breath, very slow
A: AC +1, large, see invisible, deformed body, poison resistance, slowness 2,
spit poison 1, naga tail 1
a: Spit Poison


You were on level 4 of the Dungeon.
You visited 1 branch of the dungeon, and saw 3 of its levels.

You collected 127 gold pieces.


Innate Abilities, Weirdness & Mutations

Your serpentine skin is tough. (AC +1)
You have supernaturally acute eyesight. (SInv)
Armour fits poorly on your strangely shaped body.
Your system is resistant to poisons. (rPois)
You cover ground very slowly.
You can spit poison.
You have a snake-like lower body.


   Skills:
 - Level 2.0 Fighting
 + Level 4.9 Ranged Weapons
 - Level 1.5 Dodging
 - Level 1.5 Stealth


You had 2 spell levels left.
You didn't know any spells.
Your spell library was empty.

Inventory:

Hand Weapons
 Y - a +0 shortbow (weapon)
Armour
 b - a +0 helmet
 c - a +0 leather armour (worn)
Jewellery
 d - a ring of ice
 e - a +6 ring of dexterity (left hand)
 g - a ring of fire
Scrolls
 a - a scroll of identify
Potions
 f - a potion of curing {unknown}

Dungeon Overview and Level Annotations

Branches:
Dungeon (2/15)

Altars:


Message History

An orc comes into view. It is wielding a +0 war axe.
You shoot an arrow. The orc shouts!
The arrow hits the orc.
The orc is severely wounded.
You have got your breath back.
You shoot an arrow. The arrow hits the orc.
The orc is almost dead.
An orc comes into view.
It is wielding a +0 short sword of electrocution.
1222 ||| INVOKING Spit Poison.
Aiming: Spit Poison (2% risk of failure)
Press: ? - help, Shift-Dir - straight line, f/p - orc The splash of poison hits the orc.
You kill the orc!
An orc priest comes into view. It is wielding a +0 war axe.
You shoot an arrow. The orc shouts!
The arrow hits the orc priest.
The orc priest is moderately wounded.
You shoot an arrow. The arrow barely misses the orc priest.
The orc priest hits you with a +0 war axe!
You shoot an arrow. The arrow hits the orc priest.
The orc priest is moderately wounded.
You have got your breath back.
The orc priest mumbles some strange prayers to Beogh against you.
Beogh smites you!
1226 ||| INVOKING Spit Poison.
Aiming: Spit Poison (2% risk of failure)
Press: ? - help, Shift-Dir - straight line, f/p - orc priest The splash of poison misses the orc priest.
The orc priest barely misses you.
You shoot an arrow. The arrow barely misses the orc priest.
The orc hits you with a +0 short sword of electrocution.
The orc priest barely misses you.
You shoot an arrow. The arrow hits the orc priest.
The orc priest is heavily wounded.
The orc priest hits you but does no damage.
The orc hits you with a +0 short sword of electrocution.
You are electrocuted!
You die...

+. ## ## ### #. #..
#.. #.# .#
.###..####.# #.#
..).!.o.##.#### #.#
.....)o@......###.##
.######.##.##.##...##
...##.#.#......#
######..###....##
#...#...#(#####
####.#.###%....
####.#.##### ##.##
#.#


You could see an orc priest and an orc.

Vanquished Creatures
  An adder (D:2)
  2 worms (D:4)
  2 dart slugs
  2 orcs (D:4)
  6 ball pythons
  An endoplasm (D:2)
  3 goblins
  2 hobgoblins
  4 quokkas
  3 bats (D:1)
  3 frilled lizards (D:1)
  4 kobolds
  2 rats
35 creatures vanquished.

Notes
Turn   | Place    | Note
-------+----------+-------------------------------------------
     0 | D:1      | qw the Naga Hunter began the quest for the Orb.
     0 | D:1      | Reached XP level 1. HP: 19/19 MP: 1/1
     0 | D:1      | 0 ||| qw: Version: 0.3-a-2-g5ab2908
     0 | D:1      | 0 ||| qw: Game counter: 308
     0 | D:1      | 0 ||| qw: Always use a shield: true
     0 | D:1      | 0 ||| qw: God list: Okawaru
     0 | D:1      | 0 ||| qw: Allow faded altars: false
     0 | D:1      | 0 ||| qw: Do Orc after D:15 true
     0 | D:1      | 0 ||| qw: Do second Lair branch before Depths: true
     0 | D:1      | 0 ||| qw: Lair rune preference: random
     0 | D:1      | 0 ||| qw: Plans: Normal
     0 | D:1      | 0 ||| PLANNING D:1-11
    26 | D:1      | 26 ||| INVOKING Spit Poison.
    67 | D:1      | 67 ||| INVOKING Spit Poison.
   133 | D:1      | 133 ||| INVOKING Spit Poison.
   210 | D:1      | 210 ||| INVOKING Spit Poison.
   213 | D:1      | 213 ||| INVOKING Spit Poison.
   229 | D:1      | 229 ||| INVOKING Spit Poison.
   233 | D:1      | 233 ||| INVOKING Spit Poison.
   235 | D:1      | Reached skill level 4 in Ranged Weapons
   235 | D:1      | Reached XP level 2. HP: 26/26 MP: 2/2
   273 | D:1      | 273 ||| INVOKING Spit Poison.
   284 | D:1      | 284 ||| INVOKING Spit Poison.
   315 | D:1      | 315 ||| INVOKING Spit Poison.
   320 | D:1      | 320 ||| INVOKING Spit Poison.
   396 | D:1      | 396 ||| INVOKING Spit Poison.
   399 | D:1      | 399 ||| INVOKING Spit Poison.
   493 | D:1      | 493 ||| INVOKING Spit Poison.
   520 | D:1      | 520 ||| INVOKING Spit Poison.
   526 | D:1      | 526 ||| INVOKING Spit Poison.
   730 | D:1      | 730 ||| UPGRADING to +6 ring of dexterity.
   731 | D:1      | 731 ||| READING 2 scrolls labelled TACEAP HERGHUIMA.
   732 | D:1      | 732 ||| READING scroll labelled COIPIM SATOY.
   833 | D:1      | 833 ||| DROPPING scroll of butterflies.
   844 | D:2      | 844 ||| INVOKING Spit Poison.
   849 | D:2      | 849 ||| INVOKING Spit Poison.
   854 | D:2      | 854 ||| INVOKING Spit Poison.
   855 | D:2      | Reached XP level 3. HP: 31/32 MP: 3/3
   883 | D:2      | 883 ||| INVOKING Spit Poison.
   985 | D:2      | 985 ||| INVOKING Spit Poison.
   989 | D:2      | 989 ||| INVOKING Spit Poison.
  1077 | D:2      | 1077 ||| INVOKING Spit Poison.
  1083 | D:2      | 1083 ||| INVOKING Spit Poison.
  1088 | D:2      | 1088 ||| INVOKING Spit Poison.
  1117 | D:2      | You fall into a shaft and drop 2 floors!
  1167 | D:4      | 1167 ||| INVOKING Spit Poison.
  1173 | D:4      | 1173 ||| INVOKING Spit Poison.
  1215 | D:4      | 1215 ||| INVOKING Spit Poison.
  1222 | D:4      | 1222 ||| INVOKING Spit Poison.
  1225 | D:4      | HP: 7/32 [orc priest/divine providence (13)]
  1226 | D:4      | 1226 ||| INVOKING Spit Poison.
  1227 | D:4      | HP: 3/32 [orc/+0 short sword of electrocution (5)]
  1228 | D:4      | Mangled by an orc

Levels and vault maps discovered:
D:1:      minmay_arrival_plants_in_alcoves, layout_loops_ring,
          minmay_door_square, minmay_fountain_box
D:2:      layout_loops_ring
D:4:      layout_loops_corners, serial_shops, shop, nicolae_grassy_gnolls,
          uniq_blork_the_orc

Skill      XL: |  1 |
---------------+----+-----
Ranged Weapons | 4 |  4.9
Fighting       | |  2.0
Dodging        | |  1.5
Stealth        | |  1.5

Action                     || total
---------------------------++-------
   Fire: Shortbow          ||    75
Ability: Spit Poison       ||    30
    Use: Scroll            ||     2
 Armour: Leather armour    ||     8
  Dodge: Dodged            ||    18

Table legend:
 A = Non-vault XP
 B = Vault XP
 C = Vault XP percentage of total XP
 D = Non-vault monster count
 E = Vault monster count
 F = Vault count percentage of total count
                 A         B        C        D         E       F
            +---------+---------+-------+---------+---------+-------
      Total |      80 |       0 |   0.0 |      35 |       0 |   0.0
            +---------+---------+-------+---------+---------+-------
        D:1 |      31 |       0 |   0.0 |      19 |       0 |   0.0
        D:2 |      31 |       0 |   0.0 |      11 |       0 |   0.0
        D:4 |      18 |       0 |   0.0 |       5 |       0 |   0.0
            +---------+---------+-------+---------+---------+-------
